 Dungeon Crawl Stone Soup version 0.31-a0-949-g57150269e1 (webtiles) character file.

Game seed: 10656940413783352232

475 LeprechaunX the Changeling (level 7, -1/41 HPs)
             Began as an Octopode Shapeshifter on Oct 23, 2023.
             Was a Follower of Hepliaklqana.
             Killed from afar by Blork the orc (5 damage)
             ... with a puff of flame
             ... on level 4 of the Dungeon.
             The game lasted 00:04:47 (2868 turns).

LeprechaunX the Changeling (Octopode Shapeshifter)  Turns: 2868, Time: 00:04:48

Health: -1/41      AC:  1    Str: 16    XL:     7   Next: 10%
Magic:  7/7        EV: 13    Int: 12    God:    Hepliaklqana [*.....]
Gold:   175        SH:  0    Dex: 11    Spells: 6/6 levels left

rFire   + .          .
                       - Unarmed
rCold   . . .        (no shield)
rNeg    . . .        (helmet currently unavailable)
rPois   .            (no amulet)
rElec   .            f - ring of protection from fire
rCorr   .            h - ring of flight
SInv    .            (no ring)
Will    .....        (no ring)
Stlth   ++           (no ring)
HPRegen 0.26/turn    (no ring)
MPRegen 0.10/turn    (no ring)
                     (no ring)

%: no passive effects
@: beast-form, flying
A: beast (slay +2), reduced essence, almost no armour, amphibious, 8 rings,
camouflage 1, gelatinous body 1, (nimble swimmer 1), tentacles
a: Begin Untransformation, Renounce Religion, Recall Ancestor, Ancestor Identity


You were on level 4 of the Dungeon.
You worshipped Hepliaklqana.
Hepliaklqana was aware of your devotion.
You were a hulking beast.
You visited 1 branch of the dungeon, and saw 4 of its levels.

You collected 175 gold pieces.

Inventory:

Hand Weapons
 a - a +0 sling
Jewellery
 f - a ring of protection from fire (left tentacle)
 h - a ring of flight (right tentacle)
Talismans
 b - a beast talisman (active)
 c - a flux talisman
Scrolls
 j - a scroll of immolation {unknown}
 l - a scroll of blinking {unknown}
 m - a scroll of identify {unknown}
 o - a scroll of butterflies {unknown}
 q - a scroll of enchant weapon {unknown}
 r - a scroll of vulnerability {unknown}
Potions
 d - a potion of ambrosia {unknown}
 e - a potion of curing {unknown}
 g - a potion of attraction {unknown}
 i - 2 potions of brilliance {unknown}
 k - a potion of cancellation {unknown}
 n - 3 potions of mutation {unknown}
 p - a potion of heal wounds {unknown}
 s - 2 potions of haste {unknown}


   Skills:
 + Level 3.2 Fighting
 + Level 3.6 Dodging
 + Level 4.3 Unarmed Combat
 * Level 5.1 Shapeshifting


You had 6 spell levels left.
You didn't know any spells.
Your spell library contained the following spells:

 Spells                   Type           Power      Damage    Failure   Level
 Cigotuvi's Dreadful Rot  Necr/Pois/Air  0%         N/A       45%         2
 Dispel Undead            Necr           0%         3d6       97%         4
 Death Channel            Necr           0%         N/A       100%        6


Dungeon Overview and Level Annotations

Branches:
Dungeon (4/15)
 Temple: D:4-7

Altars:
Hepliaklqana

Annotations:
D:4 Blork the orc


Innate Abilities, Weirdness & Mutations

You are a hulking beast.
Your limbs bulge with bestial killing power. (Slay +2)
Your life essence is reduced to manifest your ancestor. (-10% HP)
You cannot wear most types of armour.
You are amphibious.
You can wear up to eight rings at the same time.
Your skin changes colour to match your surroundings (Stealth+).
Your rubbery body absorbs attacks. (AC +1, EV +1)
((You are camouflaged when in or above water. (Stealth+)))
You have tentacles for arms and can constrict up to eight enemies at once.


Message History

You constrict the orc. The orc hits you with a +0 dagger.
You bludgeon the orc!
You kill the orc!
Blork the orc points at you and mumbles some strange words.
The magic dart hits you!
Blork the orc screams, "Die!"
Blork the orc hits you with a +0 scimitar!
* * * LOW HITPOINT WARNING * * *
Items here: ))) [[ ††.
You are too injured to fight recklessly!
You are too injured to fight recklessly!
You are too injured to fight recklessly!
You are too injured to fight recklessly!
Unknown command.
You swap places.
Blork the orc screams, "I'll rip your head off!"
Blork the orc barely misses Inhapi.
Inhapi hits Blork the orc but does no damage.
Things that are here:
a +0 mace; an orc corpse Blork the orc gestures wildly while chanting.
Blork the orc seems to speed up.
Inhapi barely misses Blork the orc.
Blork the orc hits Inhapi with a +0 scimitar!
Inhapi barely misses Blork the orc.
Unknown command.
Blork the orc hits Inhapi with a +0 scimitar!
Inhapi closely misses Blork the orc.
Blork the orc hits Inhapi with a +0 scimitar.
Inhapi hits Blork the orc but does no damage.
Blork the orc hits Inhapi with a +0 scimitar!
Inhapi is destroyed!
Blork the orc screams, "I'll decorate my home with your organs!"
Blork the orc points at you and mumbles some strange words.
The puff of frost hits you!
* * * LOW HITPOINT WARNING * * *
There is an escape hatch in the floor here.
Blork the orc grins evilly.
Blork the orc casts a spell at you. The puff of flame hits you. You resist.
You die...

#)# ##..........#
#)#######..P........#
#.....##............#
#....o##.#..........#
#...........P.......# ###
#.#.######..........########..
###.#......o....###...........
#.#...........# #...........
##.#........h.## #...........
#.............# ##########..
##.#..........# #..
#..#.###'###### #.. #..#.#
#)#### ##. #....###....#
#####. ##.#.....)..+ ....'
......
##.#.###....######...#######.
#............... '...........


You could see Blork the orc (fast).

Vanquished Creatures
  Grinder (D:3)
  A howler monkey (D:4)
  2 orc priests (D:4)
  3 orc wizards (D:4)
  4 gnolls (D:4)
  3 adders
  2 worms (D:2)
  2 dart slugs
  5 orcs (D:4)
  8 ball pythons
  4 bats
  9 endoplasms
  2 giant cockroaches
  3 goblins
  4 hobgoblins
  2 frilled lizards
  3 kobolds
  4 rats
62 creatures vanquished.

Vanquished Creatures (collateral kills)
  An orc (D:4)
1 creature vanquished.

Vanquished Creatures (others)
  An ancestor (D:4)
1 creature vanquished.

Grand Total: 64 creatures vanquished

Notes
Turn   | Place    | Note
-------+----------+-------------------------------------------
     0 | D:1      | LeprechaunX the Octopode Shapeshifter began the quest for
                  | the Orb.
     0 | D:1      | Reached XP level 1. HP: 13/13 MP: 1/1
   106 | D:1      | Reached XP level 2. HP: 18/18 MP: 2/2
   721 | D:2      | Reached XP level 3. HP: 22/23 MP: 3/3
   938 | D:2      | Found a hazy altar of Hepliaklqana.
  1045 | D:2      | Became a worshipper of Hepliaklqana the Forgotten
  1424 | D:3      | Noticed Grinder
  1431 | D:3      | Paralysed by Grinder for 4 turns
  1441 | D:3      | Paralysed by Grinder for 3 turns
  1471 | D:3      | Killed Grinder
  1472 | D:3      | Reached skill level 4 in Shapeshifting
  1472 | D:3      | Reached XP level 4. HP: 13/30 MP: 4/4
  1472 | D:3      | Reached XP level 5. HP: 15/35 MP: 5/5
  1472 | D:3      | Reached XP level 6. HP: 18/41 MP: 6/6
  2535 | D:4      | Reached skill level 5 in Shapeshifting
  2556 | D:4      | Reached XP level 7. HP: 46/46 MP: 7/7
  2636 | D:4      | Reached * piety under Hepliaklqana
  2844 | D:4      | Noticed Blork the orc
  2868 | D:4      | Killed from afar by Blork the orc

Illustrated notes

Levels and vault maps discovered:
D:1:      dpeg_arrival_simpleton_b, layout_basic
D:2:      layout_loops_ring, basic_altar
D:3:      minmay_angry_zag, layout_basic, uniq_grinder
D:4:      layout_basic, minmay_temple_entry_fiery, nicolae_grassy_gnolls,
          uniq_blork_the_orc

Skill      XL: |  1  2  3  4  5  6 |
---------------+-------------------+-----
Fighting       | 2 3 |  3.2
Dodging        | 3 |  3.6
Shapeshifting  | 4 5 |  5.1
Unarmed Combat | 4 |  4.3

Action                     |  1- 3 |  4- 6 |  7- 9 || total
---------------------------+-------+-------+-------++-------
  Melee: Unarmed           |    58 |    48 |    29 ||   135
         Constrict         |    13 |    13 |     6 ||    32
         Tentacles         |    11 |     8 |     3 ||    22
         Punch             |     1 |     2 |     2 ||     5
   Fire: Sling             |     9 |       |       ||     9
    Use: Potion            |     1 |       |       ||     1
   Stab: Sleeping          |    10 |     4 |       ||    14
         Distracted        |       |     1 |       ||     1
 Armour: Skin              |    24 |    12 |    18 ||    54
  Dodge: Dodged            |    21 |    20 |    12 ||    53

Table legend: (Time is in decaauts)
 A = Elapsed time spent in this place.
 B = Non-inter-level travel time spent in this place.
 C = Inter-level travel time spent in this place.
 D = Time resting spent in this place.
 E = Time spent auto-exploring this place.
 F = Levels seen in this place.
 G = Mean time per level.
                   A        B        C        D        E       F      G
               +--------+--------+--------+--------+--------+-----+--------+
         Total |   2857 |   2729 |    128 |    171 |   2088 |   4 |  714.2 |
       Dungeon |   2857 |   2729 |    128 |    171 |   2088 |   4 |  714.2 |
               +--------+--------+--------+--------+--------+-----+--------+

Top non-repeatable levels by time:
     D:2: 796 daAuts
     D:3: 778 daAuts
     D:4: 681 daAuts
     D:1: 600 daAuts
